 Seeded DCSS version 0.29.1-15-g9cfb28693d (webtiles) character file.

Game seed: 6390925637214205194 (custom seed)

82 Mickster the Chopper (level 4, 0/32 (36) HPs)
             Began as a Hill Orc Berserker on Feb 24, 2023.
             Was a Believer of Trog.
             Slain by Grinder (5 damage)
             ... while paralysed by Grinder
             ... on level 3 of the Dungeon.
             The game lasted 00:19:47 (1695 turns).

Mickster the Chopper (Hill Orc Berserker)           Turns: 1695, Time: 00:19:47

HP:   0/32 (36)     AC:  8    Str: 21    XL:     4   Next: 43%
MP:   4/4           EV:  2    Int:  7    God:    Trog [**....]
Gold: 52            SH:  0    Dex: 16    Spells: 3/3 levels left

rFire   + . .      SeeInvis .   k - +0 hand axe (drain)
rCold   + + .      Faith    .   (no shield)
rNeg    . . .      Spirit   .   c - +0 chain mail
rPois   +          Reflect  .   (no helmet)
rElec   +          Harm     .   (no cloak)
rCorr   +          Rampage  .   (no gloves)
Will    .....                   (no boots)
Stlth   ..........              (no amulet)
HPRegen 0.10/turn               d - +6 ring of dexterity
MPRegen 0.09/turn               (no ring)

@: paralysed, resistant (expiring), heavily drained
A: cold resistance 1, frail 1, devolution 1
a: Renounce Religion, Berserk, Trog's Hand


You were on level 3 of the Dungeon.
You worshipped Trog.
Trog was pleased with you.
You visited 1 branch of the dungeon, and saw 3 of its levels.

You collected 52 gold pieces.

Inventory:

Hand Weapons
 e - a +0 war axe
 f - a +0 short sword of protection
 j - a +0 spear
 k - a +0 hand axe of draining (weapon)
Missiles
 g - 8 stones (quivered)
Armour
 c - a +0 chain mail (worn)
Jewellery
 d - a +6 ring of dexterity (left hand)
Scrolls
 i - 4 scrolls of identify
Potions
 h - a potion of resistance


   Skills:
 + Level 4.5 Fighting
 - Level 0.1 Short Blades
 * Level 5.5 Axes
 + Level 2.2 Armour
 + Level 1.9 Dodging
 + Level 0.5 Stealth


You had 3 spell levels left.
You didn't know any spells.
Your spell library was empty.

Dungeon Overview and Level Annotations

Branches:
Dungeon (3/15)

Altars:

Annotations:
D:3 Grinder


Innate Abilities, Weirdness & Mutations

Your flesh is cold resistant. (rC+)
You are frail. (-10% HP)
You have hidden genetic defects.


Message History

You feel resistant to cold.
Found an escape hatch in the ceiling.
Found 8 gold pieces.
Found 13 gold pieces.
You see here a +0 scale mail.
Grinder comes into view.
Grinder shouts!
Grinder moves out of view.
Found a stone staircase leading down.
Grinder gestures at you.
You suddenly lose the ability to move!
Grinder gestures at you.
You shrug off the repeated paralysis!
You can move again.
Grinder says, "FISH!"
Grinder gestures at you.
You shrug off the repeated paralysis!
Grinder blinks!
Grinder gestures at you.
You suddenly lose the ability to move!
Grinder gestures at you.
You shrug off the repeated paralysis!
You can move again.
Grinder gestures at you.
You shrug off the repeated paralysis!
Grinder hits you.
You writhe in agony.
You hit Grinder but do no damage. Grinder hits you!
You writhe in agony.
You slash Grinder!
Grinder is moderately wounded.
Grinder hits you.
You writhe in agony.
* * * LOW HITPOINT WARNING * * *
You hit Grinder.
Grinder is moderately wounded.
Grinder gestures at you.
You suddenly lose the ability to move!
You start to feel less resistant.
Grinder hits you.
* * * LOW HITPOINT WARNING * * *
You writhe in agony.
You die...

#................<..#
#..............####.###
#............[..#.....
#........#.#..#.#.#.#
##.#.......#.....$..#
.#.######..#..#.#...#
##.######..#........#
...........#....##..######
##.........#.#.5@.........
##########.#.#.###...#####
.[.........#.#.# ##...#
.#########.#.#.. ....# .#
#.#.### ##..# .# #.#. .>#
.# #.## ### .# #.# ## #.#


You could see Grinder.

Vanquished Creatures
  3 adders (D:2)
  A worm (D:2)
  A dart slug (D:1)
  An orc (D:3)
  4 endoplasms
  A giant cockroach (D:2)
  5 goblins
  5 hobgoblins
  4 jackals (D:2)
  3 kobolds
  3 quokkas
  2 ball pythons (D:1)
  2 bats (D:1)
  3 frilled lizards
  9 rats
47 creatures vanquished.

Notes
Turn   | Place    | Note
-------+----------+-------------------------------------------
     0 | D:1      | Mickster the Hill Orc Berserker began the quest for the
                  | Orb.
     0 | D:1      | Reached XP level 1. HP: 19/19 MP: 1/1
   336 | D:1      | Reached XP level 2. HP: 15/27 MP: 2/2
   593 | D:1      | Found a faded altar of an unknown god.
   844 | D:2      | Reached XP level 3. HP: 28/33 MP: 3/3
   851 | D:2      | Reached ** piety under Trog
   889 | D:2      | Reached skill level 5 in Axes
  1009 | D:2      | Reached XP level 4. HP: 32/41 MP: 4/4
  1659 | D:3      | Gained mutation: You are frail. (-10% HP) [potion of
                  | mutation]
  1659 | D:3      | Gained mutation: You have hidden genetic defects. [potion
                  | of mutation]
  1659 | D:3      | Gained mutation: Your flesh is cold resistant. (rC+)
                  | [potion of mutation]
  1678 | D:3      | Noticed Grinder
  1679 | D:3      | Paralysed by Grinder for 4 turns
  1688 | D:3      | Paralysed by Grinder for 2 turns
  1694 | D:3      | Paralysed by Grinder for 5 turns
  1695 | D:3      | Slain by Grinder

Illustrated notes

Levels and vault maps discovered:
D:1:      mrwooster_arrival_statue, layout_basic, basic_ecumenical_altar
D:2:      layout_loops_cross
D:3:      layout_basic, uniq_grinder

Skill      XL: |  1  2  3 |
---------------+----------+-----
Fighting       | 4 |  4.5
Axes           | 5 |  5.5
Short Blades   | |  0.1
Armour         | |  2.2
Dodging        | |  1.9
Stealth        | |  0.5

Action                   |  1- 3 |  4- 6 || total
-------------------------+-------+-------++-------
Melee: Hand axe          |    33 |     8 ||    41
       War axe           |    61 |    12 ||    73
       Short sword       |       |    25 ||    25
  Use: Scroll            |     2 |       ||     2
       Potion            |     3 |     2 ||     5
 Stab: Sleeping          |     1 |       ||     1
Armor: Animal skin       |    16 |       ||    16
       Chain mail        |     1 |    22 ||    23
Dodge: Dodged            |    83 |    22 ||   105
